 Dungeon Crawl Stone Soup version 0.19.1-1-g22dce08 (webtiles) character file.

1610 lukamrko the Slasher (level 8, -1/71 HPs)
             Began as a Minotaur Fighter on Dec 31, 2016.
             Was a Believer of Okawaru.
             Splashed by a jelly's acid (5 damage)
             ... on level 6 of the Dungeon.
             The game lasted 00:23:42 (5393 turns).

lukamrko the Slasher (Minotaur Fighter)             Turns: 5393, Time: 00:23:42

Health: -1/71      AC:  6    Str: 22    XL:     8   Next: 63%
Magic:  8/8        EV:  6    Int:  5    God:    Okawaru [**....]
Gold:   184        SH: 15    Dex: 11    Spells: 0 memorised, 7 levels left

rFire  . . .     SeeInvis .     a - +0 long sword
rCold  . . .     Gourm    .     r - +0 chain mail
rNeg   . . .     Faith    .     c - +0 shield
rPois  .         Spirit   .     (helmet restricted)
rElec  .         Reflect  +     (no cloak)
rCorr  .         Harm     .     (no gloves)
MR     .....                    (no boots)
Stlth  ..........               t - +4 amulet of reflection
                                (no ring)
                                (no ring)

@: corroded
A: retaliatory headbutt, horns 2
a: Heroism, Renounce Religion


You were on level 6 of the Dungeon.
You worshipped Okawaru.
Okawaru was pleased with you.
You were not hungry.

You visited 2 branches of the dungeon, and saw 7 of its levels.
You also visited: Ossuary.

You collected 184 gold pieces.

Inventory:

Hand Weapons
 a - a +0 long sword (weapon)
Armour
 c - a +0 shield (worn)
 r - a +0 chain mail (worn)
Jewellery
 t - a +4 amulet of reflection (around neck)
Scrolls
 e - 4 scrolls of teleportation
 g - a scroll of amnesia {unknown}
 j - 2 scrolls of immolation
 l - 5 scrolls of remove curse
 m - a scroll of fog {unknown}
 q - a scroll of fear {unknown}
 v - 2 scrolls of enchant weapon {unknown}
 y - a scroll of blinking {unknown}
 z - a scroll of enchant armour {unknown}
 C - a scroll of random uselessness {unknown}
 D - 2 scrolls of noise {unknown}
Potions
 d - a potion of might
 h - 3 potions of heal wounds
 k - a potion of cancellation
 x - 3 potions of flight
 A - 2 potions of curing
Comestibles
 f - 4 bread rations
 o - 3 beef jerkies
 u - a slice of pizza
 w - a royal jelly
 B - 3 meat rations
 E - 2 chunks of flesh


   Skills:
 + Level 6.8 Fighting
 + Level 7.9 Long Blades
 + Level 6.8 Armour
 + Level 7.1 Shields
 + Level 2.2 Invocations


You had 7 spell levels left.
You didn't know any spells.

Dungeon Overview and Level Annotations

Branches:
Dungeon (6/15)             Temple (1/1) D:5

Altars:
Dithmenos
Elyvilon
Gozag
Hepliaklqana
Kikubaaqudgha
Okawaru
Ru
Uskayaw
Xom
Yredelemnul
The Shining One

Shops:
D:5 %


Innate Abilities, Weirdness & Mutations

You reflexively headbutt those who attack you in melee.
You have a pair of horns on your head.


Message History

You hit the jelly but do no damage.
Your hands burn!
* * * LOW HITPOINT WARNING * * *
You headbutt the jelly, but do no damage.
The jelly is severely wounded.
You block the centaur's attack.
The gnoll hits you from afar with a spear.
* * * LOW HITPOINT WARNING * * *
You block the jelly's attack.
The ice beast hits you but does no damage.
The centaur hits you.
* * * LOW HITPOINT WARNING * * *
You completely miss the jelly. You headbutt the jelly.
The jelly is severely wounded.
You block the gnoll's attack. The jelly barely misses you.
The centaur hits you.
* * * LOW HITPOINT WARNING * * *
The ice beast barely misses you.
The phantom blinks!
Some of the chunks of flesh in your inventory have rotted away.
You hit the jelly.
Your hands burn!
You die...

.....c.§.....#.#.....#...........
#.###.###....#.#######...........
#.#..(..###....≈≈≈≈≈≈≈...........
#...........##.#######...........
#.........(.##.# ...#...........
#....$......(..###.###...........
#...........#..g.#.#.†...........
#...........#...Y#.#.............
#...........####@Joo.............
#........?..# ##co...##.########
#.#####.#### .'.....##.#
###'#..(..# .# #....<[...# ..
#....##.#.# #.... .#... ##### ##
..


You could see an ice beast, a centaur, a jelly, a gnoll and 3 orcs.

Vanquished Creatures
  The ghost of cuckmaster the Cleaver, a novice OpBe of Trog (D:5)
  Grinder (D:5)
  Sigmund (D:4)
  Menkaure (Ossuary)
  A water moccasin (D:5)
  An ice beast (D:5)
  An ogre (D:5)
  A howler monkey (D:6)
  3 crimson imps
  2 hounds
  A jelly (D:6)
  2 orc priests
  2 orc wizards
  5 worker ants
  A hound zombie (D:5)
  2 mummies (Ossuary)
  5 adders
  3 oozes
  An adder zombie (D:5)
  2 adder skeletons
  2 leopard geckos
  12 orcs
  8 giant cockroaches
  5 gnoll zombies (Ossuary)
  7 goblins
  5 hobgoblins
  11 jackals
  9 kobolds
  3 quokkas
  11 bats
  9 frilled lizards
  7 gnoll skeletons (Ossuary)
  2 goblin skeletons (Ossuary)
  2 goblin zombies (Ossuary)
  2 hobgoblin skeletons (Ossuary)
  2 hobgoblin zombies (Ossuary)
  3 kobold skeletons (Ossuary)
  4 orc zombies (Ossuary)
  A quokka zombie (D:6)
  5 rats
  3 rat skeletons (Ossuary)
  A rat zombie (Ossuary)
151 creatures vanquished.

Vanquished Creatures (others)
  A mummy (Ossuary)
  A gnoll zombie (Ossuary)
  5 goblin zombies (Ossuary)
  3 hobgoblin skeletons (Ossuary)
  2 hobgoblin zombies (Ossuary)
  4 kobold skeletons (Ossuary)
  2 kobold zombies (Ossuary)
  A rat skeleton (Ossuary)
  A rat zombie (Ossuary)
20 creatures vanquished.

Grand Total: 171 creatures vanquished

Notes
Turn   | Place    | Note
-------+----------+-------------------------------------------
     0 | D:1      | lukamrko the Minotaur Fighter began the quest for the Orb.
     0 | D:1      | Reached XP level 1. HP: 19/19 MP: 0/0
   244 | D:1      | Reached XP level 2. HP: 26/27 MP: 1/1
   722 | D:1      | Reached XP level 3. HP: 32/33 MP: 2/2
  1518 | D:2      | Reached XP level 4. HP: 40/40 MP: 3/3
  2634 | D:4      | Reached XP level 5. HP: 36/47 MP: 4/4
  3113 | D:4      | Reached skill level 5 in Long Blades
  3433 | D:4      | Noticed Sigmund
  3445 | D:4      | Killed Sigmund
  3445 | D:4      | Reached skill level 5 in Armour
  3445 | D:4      | Reached skill level 5 in Shields
  3445 | D:4      | Reached XP level 6. HP: 35/55 MP: 5/5
  3706 | D:4      | Reached skill level 5 in Fighting
  3904 | D:5      | Entered Level 5 of the Dungeon
  3942 | D:5      | Found a sand-covered staircase.
  3947 | Ossuary  | Entered an ossuary
  4191 | Ossuary  | Noticed Menkaure
  4194 | Ossuary  | Killed Menkaure
  4345 | D:5      | Reached XP level 7. HP: 59/61 MP: 6/6
  4466 | D:5      | Noticed cuckmaster's ghost (novice OpBe)
  4477 | D:5      | Killed cuckmaster's ghost
  4504 | D:5      | Found a staircase to the Ecumenical Temple.
  4561 | Temple   | Entered the Ecumenical Temple
  4580 | Temple   | Became a worshipper of Warmaster Okawaru
  4659 | D:5      | Found Yddont Hamel's Food Boutique.
  4748 | D:5      | Noticed Grinder
  4762 | D:5      | Killed Grinder
  4762 | D:5      | Reached XP level 8. HP: 52/70 MP: 7/7
  4805 | D:5      | Reached * piety under Okawaru
  4814 | D:5      | Reached skill level 1 in Invocations
  5345 | D:6      | Reached ** piety under Okawaru
  5393 | D:6      | Splashed by a jelly's acid

Skill      XL: |  1  2  3  4  5  6  7  8 |
---------------+-------------------------+-----
Long Blades    | 3 4 5 6 7 |  7.9
Armour         | 4 5 6 |  6.8
Fighting       | 4 5 6 |  6.8
Shields        | 4 5 6 7 |  7.1
Invocations    | 2 |  2.2

Action                   |  1- 3 |  4- 6 |  7- 9 || total
-------------------------+-------+-------+-------++-------
Melee: Long sword        |    98 |   173 |   115 ||   386
       Headbutt          |     9 |    44 |    24 ||    77
       Rapier            |       |     7 |       ||     7
  Use: Scroll            |       |     3 |     9 ||    12
  Eat: Chunk             |     2 |     4 |     4 ||    10
       Meat ration       |       |     1 |       ||     1
Armor: Scale mail        |    41 |    17 |       ||    58
       Chain mail        |       |    51 |    42 ||    93
Dodge: Dodged            |    28 |    49 |    22 ||    99
Block: Shield            |    45 |    87 |    74 ||   206
       Reflection        |       |       |     2 ||     2
       Rpst.: Long sword |    11 |    10 |     3 ||    24
